 Dungeon Crawl Stone Soup version 0.30.1-11-g7821555f0a (webtiles) character file.

Game seed: 8478895253231077591

597 Diggabert the Tainter (level 7, -2/44 (51) HPs)
             Began as a Gnoll Wanderer on Nov 9, 2023.
             Was an Initiate of Okawaru.
             Slain by Edmund
             ... wielding a +2 dire flail of draining
              (7 damage)
             ... on level 5 of the Dungeon.
             The game lasted 00:08:49 (3560 turns).

Diggabert the Tainter (Gnoll Wanderer)              Turns: 3560, Time: 00:08:50

HP:   -2/44 (51)    AC: 16    Str: 11    XL:     7   Next: 40%
MP:   12/12         EV:  8    Int: 11    God:    Okawaru [......]
Gold: 254           SH:  0    Dex: 14    Spells: 12/13 levels left

rFire   . . .        A - +1 whip (freeze)
rCold   + . .        (no shield)
rNeg    . . .        z - +0 plate armour
rPois   .            b - +0 helmet
rElec   .            D - +2 cloak {Will+}
rCorr   .            (no gloves)
SInv    .            i - +0 pair of boots
Will    +....        (no amulet) Stlth
                     g - +5 ring of evasion
HPRegen 0.27/turn    l - ring of protection from cold
MPRegen 0.13/turn

%: no passive effects
@: heavily drained
A: fangs 1, strong nose, distributed training
a: Renounce Religion


You were on level 5 of the Dungeon.
You worshipped Okawaru.
Okawaru was noncommittal.
You visited 2 branches of the dungeon, and saw 6 of its levels.

You collected 254 gold pieces.

Inventory:

Hand Weapons
 a - a +0 sling
 j - a +4 short sword
 y - a +0 spear
 A - a +1 whip of freezing (weapon)
Armour
 b - a +0 helmet (worn)
 i - a +0 pair of boots (worn)
 w - a +1 hat
 z - a +0 plate armour (worn)
 D - a +2 cloak of willpower (worn)
Jewellery
 g - a +5 ring of evasion (left hand)
 l - a ring of protection from cold (right hand)
Wands
 n - a wand of flame (19)
 x - a wand of polymorph (7)
Scrolls
 c - a scroll of silence
 d - 2 scrolls of magic mapping
 h - a scroll of fog {unknown}
 k - 2 scrolls of poison {unknown}
 o - 2 scrolls of fear
 p - 2 scrolls of noise {unknown}
 q - a scroll of vulnerability {unknown}
 r - a scroll of enchant armour {unknown}
 s - a scroll of immolation {unknown}
 t - 3 scrolls of teleportation
 v - a scroll of blinking {unknown}
 C - a scroll of amnesia {unknown}
Potions
 e - a potion of attraction
 f - a potion of resistance
 m - a potion of flight
 u - a potion of mutation
 B - a potion of ambrosia


   Skills:
 + Level 2.5 Fighting
 + Level 2.5 Short Blades
 + Level 2.5 Long Blades
 + Level 2.5 Axes
 + Level 2.5 Maces & Flails
 + Level 2.5 Polearms
 + Level 2.5 Staves
 + Level 7.1 Ranged Weapons
 + Level 2.5 Throwing
 + Level 2.5 Armour
 + Level 3.7 Dodging
 + Level 2.5 Stealth
 + Level 2.5 Shields
 + Level 2.5 Unarmed Combat
 + Level 3.8 Spellcasting
 + Level 2.1 Conjurations
 + Level 2.1 Hexes
 + Level 2.1 Summonings
 + Level 2.1 Necromancy
 + Level 2.1 Translocations
 + Level 2.1 Transmutations
 + Level 2.1 Fire Magic
 + Level 2.1 Ice Magic
 + Level 2.1 Air Magic
 + Level 2.1 Earth Magic
 + Level 9.0 Poison Magic
 + Level 2.8 Invocations
 + Level 2.5 Evocations


You had 12 spell levels left.
You knew the following spells:

 Your Spells              Type           Power      Damage    Failure   Level
a - Sting                 Tmut/Pois      56%        1d5       100%        1

Your spell library contained the following spells:

 Spells                   Type           Power      Damage    Failure   Level
 Foxfire                  Conj/Fire      24%        2x1d5     100%        1
 Ensorcelled Hibernation  Hex/Ice        12%        N/A       100%        2
 Lesser Beckoning         Tloc           12%        N/A       100%        2
 Passwall                 Tmut/Erth      5%         N/A       100%        2
 Gell's Gravitas          Tloc           6%         N/A       100%        3
 Mephitic Cloud           Conj/Pois/Air  11%        N/A       100%        3
 Swiftness                Air            6%         N/A       100%        3
 Teleport Other           Tloc           6%         N/A       100%        3
 Olgreb's Toxic Radiance  Pois           22%        N/A       100%        4
 Summon Small Mammal      Summ           Unusable   N/A       N/A         1
 Call Canine Familiar     Summ           Unusable   N/A       N/A         3
 Summon Guardian Golem    Hex/Summ       Unusable   N/A       N/A         3
 Animate Armour           Summ/Erth      Unusable   N/A       N/A         4
 Dragon's Call            Summ           Unusable   N/A       N/A         9

Dungeon Overview and Level Annotations

Branches:
Dungeon (5/15)             Temple (1/1) D:4

Altars:
Ashenzari
Cheibriados
Kikubaaqudgha
Okawaru
Qazlal
Trog
Uskayaw
Zin

Shops:
D:2 (

Annotations:
D:5 2 transporters, Edmund; lonewolfV2's ghost, novice DsFi


Innate Abilities, Weirdness & Mutations

You have very sharp teeth.
Your uncanny sense of smell can sniff out nearby items.
Your experience applies equally to all skills.


Message History

Edmund barely misses you.
You barely miss Edmund.
Edmund is severely wounded.
Edmund zaps a wand.
The bolt of light hits you!
You are confused.
You miss Edmund.
Edmund is severely wounded.
Edmund hits you but does no damage.
You feel drained.
Edmund hits you with a +2 dire flail of draining.
You feel drained.
You feel less confused. Edmund barely misses you.
You barely miss Edmund. You bite Edmund.
Edmund is severely wounded.
Edmund hits you but does no damage.
You feel drained.
You hit Edmund but do no damage.
Edmund is severely wounded.
Edmund zaps a wand.
The bolt of light hits you but does no damage.
You hit Edmund. You freeze Edmund.
Edmund is almost dead.
Edmund zaps a wand.
The bolt of light hits you!
You barely miss Edmund.
Edmund is almost dead.
Edmund zaps a wand.
The bolt of light hits you!
* * * LOW HITPOINT WARNING * * *
The now-empty wand crumbles to dust.
You closely miss Edmund.
Edmund is almost dead.
Edmund hits you with a +2 dire flail of draining.
* * * LOW HITPOINT WARNING * * *
You feel drained.
* * * LOW HITPOINT WARNING * * *
You closely miss Edmund.
Edmund is almost dead.
Edmund barely misses you.
You closely miss Edmund.
Edmund is almost dead.
Edmund hits you with a +2 dire flail of draining!
You die...

.....##### #.........
.......... #.........
#......... #.....>...
#......... ∆
##+#.@.......
#####...@.....###
#...#.........# ...
#...#.........#
#.....#...'.........#
#.....#####.........#
#.............######
#.............#
+.............#


You could see Edmund.

Vanquished Creatures
  3 black bears
  An ogre (D:4)
  A jelly (D:4)
  Crazy Yiuf (D:4)
  2 orc wizards (D:5)
  Robin (D:3)
  An adder (D:4)
  A worm (D:2)
  3 dart slugs
  10 orcs
  9 endoplasms
  3 giant cockroaches
  21 goblins
  10 hobgoblins
  8 jackals
  6 kobolds
  4 quokkas
  4 ball pythons
  6 bats
  3 frilled lizards
  6 rats
104 creatures vanquished.

Notes
Turn   | Place    | Note
-------+----------+-------------------------------------------
     0 | D:1      | Diggabert the Gnoll Wanderer began the quest for the Orb.
     0 | D:1      | Diggabert set off with the following items: a +0 sling, a
                  | +0 helmet, a scroll of silence, a +0 robe; and the
                  | following spell memorised: Sting; and the following spells
                  | available to memorise: Olgreb's Toxic Radiance, Mephitic
                  | Cloud.
     0 | D:1      | Reached XP level 1. HP: 13/13 MP: 4/4
   353 | D:1      | Reached XP level 2. HP: 19/19 MP: 5/5
   525 | D:1      | Reached XP level 3. HP: 25/25 MP: 7/7
   821 | D:2      | Reached skill level 1 in Invocations
   917 | D:2      | Found Busmempo's Antique Weapon Shop.
   951 | D:2      | Reached skill level 1 in Fighting
   951 | D:2      | Reached skill level 1 in Short Blades
   951 | D:2      | Reached skill level 1 in Long Blades
   951 | D:2      | Reached skill level 1 in Axes
   951 | D:2      | Reached skill level 1 in Maces & Flails
   951 | D:2      | Reached skill level 1 in Polearms
   951 | D:2      | Reached skill level 1 in Staves
   951 | D:2      | Reached skill level 1 in Throwing
   951 | D:2      | Reached skill level 1 in Armour
   951 | D:2      | Reached skill level 1 in Stealth
   951 | D:2      | Reached skill level 1 in Shields
   951 | D:2      | Reached skill level 1 in Unarmed Combat
   951 | D:2      | Reached skill level 1 in Evocations
  1385 | D:3      | Reached XP level 4. HP: 32/32 MP: 8/8
  1397 | D:3      | Found a hide-covered altar of Uskayaw.
  1415 | D:3      | Noticed a black bear
  1430 | D:3      | Killed a black bear
  1431 | D:3      | Reached skill level 1 in Conjurations
  1431 | D:3      | Reached skill level 1 in Hexes
  1431 | D:3      | Reached skill level 1 in Summonings
  1431 | D:3      | Reached skill level 1 in Necromancy
  1431 | D:3      | Reached skill level 1 in Translocations
  1431 | D:3      | Reached skill level 1 in Transmutations
  1431 | D:3      | Reached skill level 1 in Fire Magic
  1431 | D:3      | Reached skill level 1 in Ice Magic
  1431 | D:3      | Reached skill level 1 in Air Magic
  1431 | D:3      | Reached skill level 1 in Earth Magic
  1431 | D:3      | Reached XP level 5. HP: 20/37 MP: 9/9
  1597 | D:3      | Noticed Robin
  1635 | D:3      | Killed Robin
  1910 | D:3      | Got the Grimoire of the Cuttlefish
  2260 | D:4      | Noticed an ogre
  2271 | D:4      | Killed an ogre
  2272 | D:4      | Reached XP level 6. HP: 28/44 MP: 11/11
  2393 | D:4      | Noticed a black bear
  2409 | D:4      | Killed a black bear
  2410 | D:4      | Reached skill level 9 in Poison Magic
  2570 | D:4      | Found a staircase to the Ecumenical Temple.
  2576 | Temple   | Entered the Ecumenical Temple
  2618 | Temple   | Became a worshipper of Warmaster Okawaru
  2701 | D:4      | Found a runed translucent door.
  2702 | D:4      | Noticed Crazy Yiuf
  2742 | D:4      | Reached XP level 7. HP: 47/50 MP: 12/12
  3088 | D:4      | Killed Crazy Yiuf
  3206 | D:5      | Entered Level 5 of the Dungeon
  3215 | D:5      | Noticed lonewolfV2's ghost (novice DsFi)
  3217 | D:5      | Found a transporter.
  3219 | D:5      | Found a transporter.
  3533 | D:5      | Noticed Edmund
  3560 | D:5      | Slain by Edmund

Illustrated notes

Levels and vault maps discovered:
D:1:      lemuel_arrival_river_passageway, layout_basic, minmay_liquid_box
D:2:      layout_loops_ring, serial_shops, nicolae_shop_crystal
D:3:      layout_loops_cross, old_standard_altar, small_statue_intersection,
          grunt_decor_fettered, uniq_robin
D:4:      layout_basic, minmay_temple_entry_drinking_statues,
          uniq_crazy_yiuf_cottage
D:5:      layout_gridville, elyvilon_altar_5, gammafunk_ghost_hive, uniq_edmund,
          uniq_menkaure, uniq_ijyb
Temple:   nicolae_temple_bog_church

Skill      XL: |  1  2  3  4  5  6  7 |
---------------+----------------------+-----
Invocations    | 1 2 |  2.8
Fighting       | 1 2 |  2.5
Short Blades   | 1 2 |  2.5
Long Blades    | 1 2 |  2.5
Axes           | 1 2 |  2.5
Maces & Flails | 1 2 |  2.5
Polearms       | 1 2 |  2.5
Staves         | 1 2 |  2.5
Throwing       | 1 2 |  2.5
Armour         | 1 2 |  2.5
Stealth        | 1 2 |  2.5
Shields        | 1 2 |  2.5
Unarmed Combat | 1 2 |  2.5
Evocations     | 1 2 |  2.5
Spellcasting   | 3 |  3.8
Dodging        | 3 |  3.7
Conjurations   | 1 2 |  2.1
Hexes          | 1 2 |  2.1
Summonings     | 1 2 |  2.1
Necromancy     | 1 2 |  2.1
Translocations | 1 2 |  2.1
Transmutations | 1 2 |  2.1
Fire Magic     | 1 2 |  2.1
Ice Magic      | 1 2 |  2.1
Air Magic      | 1 2 |  2.1
Earth Magic    | 1 2 |  2.1
Poison Magic   | 9 |  9.0
Ranged Weapons | 7 |  7.1

Action                     |  1- 3 |  4- 6 |  7- 9 || total
---------------------------+-------+-------+-------++-------
  Melee: Short sword       |    40 |   105 |       ||   145
         Bite              |     5 |    13 |     9 ||    27
         Punch             |       |     2 |     1 ||     3
         Whip              |       |    53 |    99 ||   152
         Unarmed           |       |     4 |       ||     4
   Fire: Sling             |    89 |     4 |       ||    93
   Cast: Sting             |       |     1 |       ||     1
    Use: Scroll            |     3 |     1 |     4 ||     8
   Stab: Sleeping          |       |     1 |       ||     1
 Armour: Ring mail         |    18 |    64 |     2 ||    84
         Plate armour      |       |       |   104 ||   104
  Dodge: Dodged            |    70 |   150 |    31 ||   251
